AoeStats
← Hamstring Cramp

African Clearing

510576072Analyzed
4v4 RM · 23h ago on Oct 1, 2026· 80m 29s· 8 players
Game mode
Random Map
Map size
Large (8 player)
Population
200
Speed
Normal
Resources
Standard
Victory
Conquest
Starting age
Dark Age
Ending age
Imperial Age
RankedLock teamsTeams togetherTeam positionsShared explorationLock speedFull tech treeHidden civsTurbo modeCheats
Victory
Defeat
🇫🇷 Lithuanians · France
1384
+14
🇫🇷 Cumans · France
1379
+14
🇮🇱 Burgundians · Israel
1351
+15
🇳🇴 Malay · Norway
1322
+17
🇨🇱 Magyars · Chile
1377
-17
🇺🇸 Franks · United States
1341
-15
🇷🇺 Teutons · Russia
1323
-14
🇲🇾 Celts · Malaysia
1322
-14
Glorious
2:18 Double-Bit Axe
13:14 Loom
15:00 Feudal Age
16:27 Bow Saw
16:03 Horse Collar
19:16 Castle Age
17:32 Heavy Plow
27:15 Two-Man Saw
26:22 Cavalier
27:39 Gold Mining
30:26 Wheelbarrow
30:00 Scale Barding Armor
29:58 Husbandry
31:09 Burgundian Vineyards
32:51 Chain Barding Armor
33:06 Hand Cart
33:32 Crop Rotation
33:31 Forging
36:25 Iron Casting
35:13 Light Cavalry
37:13 Gold Shaft Mining
37:14 Fletching
40:03 Imperial Age
40:07 Hussar
41:12 Conscription
40:18 Paladin
40:22 Hussar
42:22 Chemistry
44:23 Plate Barding Armor
43:21 Paladin
52:27 Blast Furnace
51:23 Bodkin Arrow
51:50 Ballistics
54:48 Fortified Wall
55:39 Bracer
55:55 Masonry
75:07 Architecture
74:17 Treadmill Crane
74:33 Murder Holes
74:40 Padded Archer Armor
74:40 Scale Mail Armor
74:05 Elite Coustillier
75:20 Hoardings
74:21 Sappers
75:26 Hoardings
75:05 Clinker Construction
75:05 Careening
74:46 Guard Tower
75:01 Siphons
74:41 Arrowslits
75:17 Bombard Tower
74:19 Onager
74:20 Capped Ram
74:49 Town Watch
77:47 Chain Mail Armor
77:47 Leather Archer Armor
78:14 Carvel Hull
79:37 Stone Mining
80:19 Plate Mail Armor
79:50 Squires
79:16 Crossbowman
79:17 Elite Skirmisher
80:11 Redemption
80:02 Atonement
79:53 Arson
79:28 Pikeman
79:29 Man-at-Arms
80:34 Sanctity
80:22 Devotion
bao
9:59 Loom
12:10 Feudal Age
13:00 Double-Bit Axe
16:25 Man-at-Arms
25:59 Castle Age
40:44 Forging
42:40 Bloodlines
43:39 Scale Barding Armor
46:30 Chain Barding Armor
49:19 Horse Collar
51:07 Iron Casting
64:54 Wheelbarrow
65:32 Heavy Plow
66:09 Bow Saw
69:24 Husbandry
68:46 Light Cavalry
69:13 Light Cavalry
73:19 Imperial Age
74:50 Winged Hussar
76:10 Plate Barding Armor
78:57 Hand Cart
oulouvator
8:45 Loom
15:19 Feudal Age
16:47 Double-Bit Axe
16:43 Horse Collar
23:07 Fletching
25:32 Wheelbarrow
27:25 Gold Mining
27:28 Stone Mining
30:47 Castle Age
30:09 Forging
30:55 Bloodlines
31:50 Scale Barding Armor
35:01 Capped Ram
36:26 Bow Saw
39:55 Iron Casting
39:35 Bodkin Arrow
40:21 Hand Cart
41:19 Chain Barding Armor
43:41 Heavy Plow
49:05 Imperial Age
46:25 Pikeman
47:06 Squires
47:07 Scale Mail Armor
48:08 Light Cavalry
51:49 Blast Furnace
52:38 Plate Barding Armor
52:47 Conscription
54:04 Chain Mail Armor
53:47 Hussar
55:44 Plate Mail Armor
55:24 Halberdier
62:22 Siege Ram
66:57 Padded Archer Armor
68:46 Thumb Ring
68:39 Elite Skirmisher
70:37 Two-Man Saw
71:26 Ballistics
72:07 Chemistry
72:27 Leather Archer Armor
Yaya Banana
7:25 Loom
14:18 Feudal Age
15:09 Double-Bit Axe
15:30 Horse Collar
19:37 Castle Age
17:37 Fletching
19:32 Bodkin Arrow
19:03 Crossbowman
24:08 Bow Saw
26:52 Wheelbarrow
26:49 Ballistics
32:44 Hand Cart
34:43 Scale Barding Armor
37:09 Imperial Age
35:22 Forging
35:42 Husbandry
37:05 Iron Casting
36:21 Elite Battle Elephant
37:48 Town Watch
39:53 Conscription
40:25 Heavy Plow
44:16 Stone Mining
44:19 Gold Mining
47:23 Chemistry
46:40 Bracer
47:42 Blast Furnace
46:43 Padded Archer Armor
46:36 Arbalester
47:22 Thumb Ring
52:19 Leather Archer Armor
57:37 Coinage
58:15 Town Patrol
58:53 Gold Shaft Mining
58:53 Stone Shaft Mining
58:07 Treadmill Crane
58:38 Masonry
63:03 Banking
73:04 Light Cavalry
76:34 Siege Engineers
Hamstring Cramp
6:02 Loom
12:16 Feudal Age
16:16 Castle Age
23:29 Fletching
25:54 Bodkin Arrow
28:34 Forging
34:06 Wheelbarrow
34:08 Town Watch
40:26 Squires
41:38 Scale Mail Armor
42:58 Iron Casting
42:49 Pikeman
43:47 Chain Mail Armor
45:56 Arson
51:37 Imperial Age
51:44 Elite Throwing Axeman
52:45 Conscription
53:48 Plate Mail Armor
54:19 Blast Furnace
54:49 Halberdier
55:39 Double-Bit Axe
62:43 Bow Saw
65:02 Scale Barding Armor
65:20 Chivalry
65:23 Husbandry
64:44 Cavalier
65:34 Gold Mining
65:35 Stone Mining
65:52 Paladin
67:25 Chain Barding Armor
67:47 Gold Shaft Mining
71:39 Fortified Wall
71:50 Ballistics
72:31 Chemistry
75:39 Plate Barding Armor
78:47 Hand Cart
CumanoBorracho92
12:22 Feudal Age
12:59 Loom
19:45 Wheelbarrow
19:30 Scale Barding Armor
20:49 Fletching
22:48 Bloodlines
30:46 Castle Age
33:58 Bodkin Arrow
36:03 Padded Archer Armor
45:08 Town Watch
51:42 Imperial Age
55:58 Parthian Tactics
55:38 Thumb Ring
56:05 Bracer
56:46 Double-Bit Axe
57:45 Ballistics
59:39 Recurve Bow
61:14 Chemistry
61:42 Husbandry
62:12 Hand Cart
62:41 Heavy Cavalry Archer
64:33 Leather Archer Armor
66:04 Hoardings
69:00 Ring Archer Armor
74:38 Scale Mail Armor
74:41 Man-at-Arms
75:07 Arson
75:48 Masonry
75:27 Long Swordsman
77:11 Two-Handed Swordsman
78:17 Conscription
長安
4:28 Loom
13:25 Feudal Age
14:09 Town Watch
14:31 Double-Bit Axe
17:19 Castle Age
16:26 Gold Mining
16:21 Horse Collar
19:15 Bow Saw
22:56 Wheelbarrow
24:08 Heavy Plow
27:38 Hand Cart
31:49 Imperial Age
29:46 Ballistics
31:15 Gold Shaft Mining
30:31 Stone Mining
31:50 Fletching
34:00 Chemistry
32:24 Heavy Scorpion
32:41 Capped Ram
34:44 Bodkin Arrow
35:48 Forging
36:17 Furor Celtica
38:04 Iron Casting
37:31 Scale Mail Armor
36:53 Pikeman
37:19 Arson
38:29 Siege Engineers
38:18 Halberdier
41:52 Blast Furnace
41:08 Chain Mail Armor
40:40 Gambesons
43:04 Plate Mail Armor
42:36 Padded Archer Armor
43:18 Siege Ram
46:42 Town Patrol
47:41 Stone Shaft Mining
47:57 Scale Barding Armor
47:56 Caravan
49:17 Conscription
60:35 Hoardings
59:54 Stronghold
61:20 Elite Woad Raider
65:10 Onager
66:37 Siege Onager
spirrulina
15:35 Feudal Age
15:22 Loom
19:16 Castle Age
18:31 Double-Bit Axe
20:54 Bow Saw
21:51 Horse Collar
24:08 Heavy Plow
24:22 Stone Mining
24:22 Gold Mining
25:06 Gold Mining
27:22 Scale Barding Armor
27:27 Forging
28:02 Wheelbarrow
29:57 Bloodlines
31:41 Chain Barding Armor
35:08 Hand Cart
41:40 Imperial Age
40:55 Iron Casting
40:21 Scale Mail Armor
41:43 Cavalier
42:59 Plate Barding Armor
43:24 Blast Furnace
48:18 Capped Ram
51:19 Guilds
50:32 Paladin
51:57 Squires
52:48 Pikeman
55:24 Chain Mail Armor
62:36 Crenellations
65:12 Stone Shaft Mining
66:15 Fletching
67:03 Bodkin Arrow
69:46 Crenellations
Connection lost

Rejoining the realm…

Still unreachable

The connection could not be restored.

Session expired

The server has moved on; the page needs a fresh start.